 Dungeon Crawl Stone Soup version 0.15.2 (webtiles) character file.

318 MuhBandages the Ruffian (level 6, -4/47 HPs)
             Began as a Mummy Monk on Nov 2, 2015.
             Slain by an iguana (5 damage)
             ... on Level 4 of the Dungeon.
             The game lasted 00:07:13 (3978 turns).

MuhBandages the Ruffian (Mummy Monk)                Turns: 3978, Time: 00:07:14

HP  -4/47        AC  4     Str 16      XL: 6   Next: 21%
MP   6/6         EV 13     Int  9      God:
Gold 277         SH  0     Dex 14      Spells:  0 memorised,  5 levels left

rFire  x . .     SeeInvis .       - Unarmed
rCold  + . .     Clarity  .     (no armour)
rNeg   + + +     rCorr    .     (no shield)
rPois  +         rRot     +     a - +1 helmet
rElec  .         Spirit   .     (no cloak)
SustAb .         Warding  .     h - +1 pair of gloves
rMut   .         Stasis   .     (no boots)
Gourm  .                        (no amulet)
MR     .....                    (no ring)
                                g - ring of stealth

@: about to teleport, not resistant to hostile enchantments, fairly stealthy
A: no food or potions, fire vulnerability, restore body, cold resistance 1,
negative energy resistance 3, poison resistance, torment resistance, unbreathing
a: no special abilities


You were on level 4 of the Dungeon.
You were not hungry.

You visited 1 branch of the dungeon, and saw 4 of its levels.

You collected 277 gold pieces.


Innate Abilities, Weirdness & Mutations

You do not eat or drink.
Your flesh is vulnerable to fire.
Your flesh is cold resistant.
You are immune to negative energy.
Your system is resistant to poisons.
You are immune to unholy pain and torment.
You can survive without breathing.


   Skills:
 - Level 3.0 Fighting
 - Level 2.4 Dodging
 - Level 1.5 Stealth
 + Level 6.2 Unarmed Combat


You had 5 spell levels left.
You didn't know any spells.

Inventory:

Armour
 a - a +1 helmet (worn)
 h - a +1 pair of gloves (worn)
Comestibles
 c - 3 meat rations
 l - 2 beef jerkies
 o - a royal jelly
 p - 3 bread rations
Scrolls
 b - 2 scrolls of identify
 d - 2 scrolls of remove curse
 f - 2 scrolls of teleportation
 i - a scroll of recharging {unknown}
 j - 2 scrolls of amnesia {unknown}
 m - 2 scrolls of magic mapping {unknown}
 n - a scroll of immolation {unknown}
Jewellery
 g - a ring of stealth (left hand)
 k - an uncursed ring of ice

Dungeon Overview and Level Annotations

Branches:
Dungeon (4/15)
 Temple: D:4-7

Altars:

Annotations:
D:2 Terence

# #..#.#....##.......
#.#..#....#.##...#
#.....##........P# #
###...o#.#..##...# P#
######(#........P#+##..##+
#......#######............#
#............#[%..[.....⌠..
#......#####.#l.#+###+#....
######## #.#@.# ##.#..#
#..$)[#######
#........P..#####
#......)..........
#....###..######
#.......)## #...####.##
#.... #<..#


You could see an iguana.


Message History

You hit the iguana.
The iguana is lightly wounded.
The iguana bites you!
You closely miss the iguana.
The iguana is lightly wounded.
The iguana barely misses you.
You hit the iguana but do no damage.
The iguana is lightly wounded.
The iguana barely misses you.
You hit the iguana.
The iguana is lightly wounded.
The iguana bites you.
* * * LOW HITPOINT WARNING * * *
You hit the iguana but do no damage.
The iguana is lightly wounded.
You completely miss the iguana.
The iguana is lightly wounded.
The iguana bites you!
* * * LOW HITPOINT WARNING * * *
You hit the iguana.
The iguana is moderately wounded.
The iguana closely misses you.
Things that are here:
a leather armour; a falchion; a rotting orc corpse Read which item? (? for menu, Esc to quit)
As you read the scroll of teleportation, it crumbles to dust.
You feel strangely unstable. The iguana bites you!
* * * LOW HITPOINT WARNING * * *
The iguana bites you.
You die...

Action                   |  1- 3 |  4- 6 || total
-------------------------+-------+-------++-------
Melee: Unarmed           |   139 |   232 ||   371
  Use: Scroll            |     1 |     6 ||     7
 Stab: Sleeping          |     5 |     2 ||     7

Vault maps used:
D:1:      dpeg_arrival_ratfight, minmay_misc_feat_ornament, minmay_cut_off
D:2:      forest_paths, uniq_terence
D:3:      first_bread
D:4:      corexii_shack_village, lexackson_kobold_supper

Notes
Turn   | Place    | Note
--------------------------------------------------------------
     0 | D:1      | MuhBandages, the Mummy Monk, began the quest for the Orb.
     0 | D:1      | Reached XP level 1. HP: 18/18 MP: 1/1
   165 | D:1      | Reached XP level 2. HP: 10/24 MP: 2/2
   610 | D:1      | Reached skill level 4 in Unarmed Combat
   806 | D:1      | Reached XP level 3. HP: 29/29 MP: 3/3
  1598 | D:2      | Reached XP level 4. HP: 21/35 MP: 4/4
  2158 | D:2      | Reached skill level 5 in Unarmed Combat
  2266 | D:2      | Noticed Terence
  2794 | D:3      | Reached XP level 5. HP: 30/41 MP: 5/5
  3645 | D:4      | Reached skill level 6 in Unarmed Combat
  3654 | D:4      | Reached XP level 6. HP: 17/47 MP: 6/6
  3976 | D:4      | HP: 1/47 [iguana (8)]
  3978 | D:4      | Slain by an iguana

Vanquished Creatures
  3 orc priests (D:4)
  2 orc wizards (D:4)
  A gnoll (D:1)
  5 adders
  3 giant mites
  A worm (D:2)
  3 giant geckos
  5 orcs
  2 ball pythons
  12 bats
  13 goblins
  8 hobgoblins
  4 jackals
  13 kobolds
  A quokka (D:2)
  3 giant cockroaches
  11 giant newts
  A goblin skeleton (D:4)
  17 rats
108 creatures vanquished.
